 Dungeon Crawl Stone Soup version 0.24.0-13-gcf9b3192b9 (webtiles) character file.

Game seed: 1498885624765773123, levelgen mode: deterministic

96 OleJ the Insei (level 4, 0/31 HPs)
             Began as an Octopode Monk on Nov 10, 2019.
             Slain by a gnoll
             ... wielding a +0 whip
              (6 damage)
             ... on level 4 of the Dungeon.
             The game lasted 00:03:11 (1829 turns).

OleJ the Insei (Octopode Monk)                      Turns: 1829, Time: 00:03:11

Health: 0/31       AC:  1    Str: 11    XL:     4   Next: 67%
Magic:  4/4        EV: 15    Int: 12    God:
Gold:   140        SH:  0    Dex: 14    Spells: 3/3 levels left

rFire    . . .     SeeInvis .     - Unarmed
rCold    . . .     Gourm    .   (no shield)
rNeg     . . .     Faith    .   (helmet restricted)
rPois    .         Spirit   .   (no amulet)
rElec    .         Reflect  .   c - ring of wizardry
rCorr    .         Harm     .   (no ring)
MR       .....                  (no ring)
Stlth    +++.......             (no ring)
HPRegen  0.10/turn              (no ring)
MPRegen  0.09/turn              (no ring)
                                (no ring)
                                (no ring)

@: no status effects
A: almost no armour, stealthy swim, amphibious, 8 rings, constrict 8, camouflage
1, gelatinous body 1
a: no special abilities


You were on level 4 of the Dungeon.
You were not hungry.

You visited 1 branch of the dungeon, and saw 3 of its levels.

You collected 140 gold pieces.

Inventory:

Jewellery
 c - a ring of wizardry (left tentacle)
Scrolls
 d - a scroll of identify
 f - a scroll of enchant weapon
 g - a scroll of fog {unknown}
 j - a scroll of teleportation {unknown}
 k - a scroll of fear
 m - a scroll of amnesia {unknown}
 o - a scroll of random uselessness {unknown}
Potions
 e - a potion of berserk rage {unknown}
 h - a potion of might {unknown}
 l - a potion of brilliance {unknown}
 n - a potion of cancellation {unknown}
Comestibles
 a - 5 rations
 b - 2 chunks of flesh


   Skills:
 + Level 3.4 Fighting
 + Level 3.6 Dodging
 + Level 3.6 Stealth
 + Level 4.1 Unarmed Combat


You had 3 spell levels left.
You didn't know any spells.
Your spell library was empty.

Dungeon Overview and Level Annotations

Branches:
Dungeon (4/15)
 Temple: D:4-7

Altars:

Shops:
D:4 [


Innate Abilities, Weirdness & Mutations

You cannot wear most types of armour.
You are very stealthy in the water. (Stealth+)
You are amphibious.
You can wear up to eight rings at the same time.
You can use your tentacles to constrict eight enemies at once.
Your skin changes colour to match your surroundings (Stealth+).
Your rubbery body absorbs attacks. (AC +1, EV +1)


Message History

You tentacle-slap the gnoll, but do no damage.
The gnoll barely misses you. The gnoll closely misses you.
You tentacle-slap the gnoll. You grab the gnoll.
The gnoll is heavily wounded.
You constrict the gnoll, but do no damage.
The gnoll hits you with a +0 spear!
You tentacle-slap the gnoll but do no damage.
You squeeze the gnoll!
You kill the gnoll!
The gnoll misses you.
The gnoll shouts!
You tentacle-slap the gnoll. You grab the gnoll.
The gnoll is moderately wounded.
You constrict the gnoll. The gnoll hits you but does no damage.
You tentacle-slap the gnoll.
The gnoll is severely wounded.
You constrict the gnoll. The gnoll hits you with a +0 whip!
* * * LOW HITPOINT WARNING * * *
You release your grip on the gnoll.
The gnoll hits you with a +0 whip.
You die...

,,,,*
*,,**#....##.#.........###.
**,,*
*,,,,........#.#........#..
*,,*
*****#.#>###.#............#
**,,*
#.*,*#...÷.##...#.#..#
,,,,*
#.#.............##...#
***,*
#(.###...#.##..##.#..# *,*
#...#############.)... *,*
#..gg.†.......,,###... *,*
#..##@####.###*,* #.#. *,*
#,,*#.#,,*,*,8*,* #.#.
***,* *,,*#.#,,+,+,,*,*
#.#. ,,,,*
*,,*#.#+##.##**,###.#.
*****
*,,,#........,,,#...#.
**,*#.#+##.##**,#.....
*,,#.#,,*,*,,*,#.....
***#.#,,+,+,,*,######
#.####.##+*,*


You could see 2 gnolls.

Vanquished Creatures
  A hound (D:4)
  2 gnolls
  An ooze (D:4)
  An adder zombie (D:4)
  An adder skeleton (D:4)
  2 worms
  A leopard gecko (D:1)
  2 ball pythons
  5 goblins
  3 hobgoblins (D:1)
  A quokka (D:2)
  2 bats
  3 frilled lizards
  5 kobolds
  5 rats
35 creatures vanquished.

Notes
Turn   | Place    | Note
-------+----------+-------------------------------------------
     0 | D:1      | OleJ the Octopode Monk began the quest for the Orb.
     0 | D:1      | Reached XP level 1. HP: 16/16 MP: 1/1
    54 | D:1      | Reached XP level 2. HP: 3/21 MP: 2/2
   771 | D:1      | Reached XP level 3. HP: 23/26 MP: 3/3
  1661 | D:2      | You fall into a shaft and drop 2 floors!
  1671 | D:4      | Reached XP level 4. HP: 17/31 MP: 4/4
  1674 | D:4      | Reached skill level 4 in Unarmed Combat
  1736 | D:4      | Found Vuig's Antique Armour Boutique.
  1829 | D:4      | Slain by a gnoll

Levels and vault maps discovered:
D:1:      eino_arrival_tree_alley, layout_basic
D:2:      layout_basic, first_ration
D:4:      minmay_door_path, layout_loops_ring, nicolae_overflow_crystal_walls,
          lemuel_crystal_altar, serial_shops, nicolae_shop_waterfront,
          enter_ossuary_1

Skill      XL: |  1  2  3  4 |
---------------+-------------+-----
Stealth        | 3 |  3.6
Unarmed Combat | 4 |  4.1
Fighting       | |  3.4
Dodging        | |  3.6

Action                   |  1- 3 |  4- 6 || total
-------------------------+-------+-------++-------
Melee: Unarmed           |    63 |    15 ||    78
       Tentacles         |    15 |     3 ||    18
       Constrict         |    19 |     5 ||    24
       Punch             |       |     4 ||     4
  Use: Scroll            |     6 |     1 ||     7
 Stab: Sleeping          |     5 |       ||     5
       Distracted        |     1 |       ||     1
  Eat: Chunk             |     2 |     1 ||     3
Armor: Skin              |     5 |     1 ||     6
Dodge: Dodged            |    28 |     6 ||    34
